 Dungeon Sprint DCSS version 0.30-a0-920-g7493c07aab (webtiles) character file.

Game seed: 9937676909700863128

310 dialectric the Unseen (level 6, -8/48 HPs)
             Began as a Spriggan Brigand on Mar 21, 2023.
             Mangled by a boulder beetle (22 damage)
             ... in the Dungeon (Sprint II: "The Violet Keep of Menkaure").
             The game lasted 00:00:45 (40 turns).

dialectric the Unseen (Spriggan Brigand)              Turns: 40, Time: 00:00:45

Health: -8/48      AC:  3    Str:  7    XL:     6   Next: 17%
Magic:  7/7        EV: 17    Int: 12    God:
Gold:   0          SH:  0    Dex: 19    Spells: 5/5 levels left

rFire   . . .      SeeInvis +    a - +2 dagger
rCold   . . .      Faith    .    (no shield)
rNeg    . . .      Spirit   .    b - +0 robe
rPois   .          Reflect  .    (helmet restricted)
rElec   .          Rampage  .    c - +0 cloak
rCorr   .          NoTele   +    (gloves unavailable)
Will    +....                    (boots unavailable) Stlth
                                 (no amulet)
HPRegen 0.28/turn                (no ring)
MPRegen 0.10/turn                (no ring)

@: berserking (expiring), very quick
A: very small, no large weapons, unfitting armour, see invisible, speed 3
a: no special abilities


You were in the Dungeon.
You visited 1 branch

Inventory:

Hand Weapons
 a - a +2 dagger (weapon)
Missiles
 d - 9 poisoned darts (quivered)
Armour
 b - a +0 robe (worn)
 c - a +0 cloak (worn)
Scrolls
 k - a scroll of blinking
Potions
 f - a potion of curing
 g - a potion of heal wounds
 h - a potion of haste
 i - 2 potions of magic


   Skills:
 + Level 3.5 Fighting
 + Level 4.7 Short Blades
 - Level 3.2 Throwing
 + Level 2.5 Dodging
 + Level 17.9 Stealth


You had 5 spell levels left.
You didn't know any spells.
Your spell library was empty.

Dungeon Overview and Level Annotations

Branches:
Dungeon (1/1)

Altars:


Innate Abilities, Weirdness & Mutations

You are very small and have problems with some larger weapons.
You are too small for most types of armour.
You have supernaturally acute eyesight. (SInv)
You cover ground extremely quickly. (Speed+++)


Message History

You see here 2 curare-tipped darts.
There is an open door here.
Menkaure misses you.
You see here 2 curare-tipped darts.
You barely miss Menkaure.
Menkaure is moderately damaged.
The boulder beetle curls into a ball and begins rolling!
Menkaure calls on the powers of darkness!
Your body is wracked with pain!
There is an open door here.
Okay, then.
Menkaure mumbles some strange words.
Menkaure seems to speed up.
There is an open door here.
Your magic is already full.
Unknown command.
A red film seems to cover your vision as you go berserk!
You feel yourself moving faster!
You feel mighty!
Menkaure points at you and mumbles some strange words.
Pain shoots through your body!
You completely miss Menkaure.
Menkaure is moderately damaged.
Menkaure calls on the powers of darkness!
The boulder beetle convulses!
Your body is wracked with pain!
* * * LOW HITPOINT WARNING * * *
You puncture Menkaure!
Menkaure is severely damaged.
The boulder beetle waves its antennae.
You puncture Menkaure!
Menkaure is almost destroyed.
Menkaure misses you.
You hit Menkaure.
You destroy Menkaure!
Your Stealth skill increases to level 17!
You have reached level 6!
You see here 2 curare-tipped darts.
You hit the boulder beetle but do no damage.
The boulder beetle is severely wounded.
The boulder beetle bites you!!
You die...

#+# ###$###
#.†#..# #
##.#.## # ##n
##'## .##
#.n.##@##.B.#
#$+.B.'#
#.n.##.##$..#
##n #+# .## #
#


You could see a boulder beetle.

Vanquished Creatures
  Menkaure (D)
  4 scorpions (D)
5 creatures vanquished.

Notes
Turn   | Place    | Note
-------+----------+-------------------------------------------
     0 | D        | dialectric the Spriggan Brigand began the quest for the
                  | Orb.
     0 | D        | Reached XP level 1. HP: 10/10 MP: 2/2
     1 | D        | Noticed a necrophage
     1 | D        | Noticed a necrophage
     1 | D        | Noticed a necrophage
     1 | D        | Noticed a necrophage
     4 | D        | Noticed a scorpion
     4 | D        | Noticed a scorpion
     4 | D        | Noticed a scorpion
     4 | D        | Noticed a scorpion
     7 | D        | Killed a scorpion
     8 | D        | Reached skill level 11 in Stealth
     8 | D        | Reached XP level 2. HP: 15/15 MP: 3/3
     8 | D        | Reached XP level 3. HP: 18/18 MP: 4/4
     8 | D        | Killed a scorpion
     9 | D        | Reached skill level 13 in Stealth
     9 | D        | Reached XP level 4. HP: 23/23 MP: 5/5
    19 | D        | Killed a scorpion
    20 | D        | Reached skill level 15 in Stealth
    20 | D        | Reached XP level 5. HP: 26/28 MP: 6/6
    22 | D        | Noticed a boulder beetle
    22 | D        | Noticed Menkaure
    23 | D        | Reached skill level 16 in Stealth
    23 | D        | Noticed a boulder beetle
    38 | D        | Killed Menkaure
    39 | D        | Reached skill level 17 in Stealth
    39 | D        | Reached XP level 6. HP: 13/32 MP: 7/7
    40 | D        | Mangled by a boulder beetle

Illustrated notes

Levels and vault maps discovered:
D:        the_violet_keep_of_menkaure [sprint2_stairs_cluster_1,
          sprint2_shoproom, sprint2_temple, sprint2_basic_supplies,
          sprint2_obstacle_4, sprint2_obstacle_7, sprint2_obstacle_5,
          sprint2_obstacle_2, sprint2_obstacle_6, sprint2_timed_cluster_1,
          sprint2_smallroom_cluster_1, sprint2_smallroom_final_cluster_1,
          sprint2_transparent_cluster_1, sprint2_second_timed_cluster_1,
          sprint2_sniper_area_1, sprint2_heavy_combat_area_1,
          sprint2_mutation_trap_area_1, sprint2_forest_area_1,
          sprint2_light_combat_area_1, sprint2_behind_water_1,
          sprint2_near_end_vault_1]

Skill      XL: |  1  2  3  4  5 |
---------------+----------------+-----
Fighting       | 2 3 |  3.5
Short Blades   | 3 4 |  4.7
Stealth        | 11 13 15 17 | 17.9
Throwing       | 3 |  3.2
Dodging        | 2 |  2.5

Action                     |  1- 3 |  4- 6 || total
---------------------------+-------+-------++-------
  Melee: Dagger            |     2 |     9 ||    11
  Throw: Dart              |       |     3 ||     3
    Use: Potion            |       |     1 ||     1
   Stab: Sleeping          |     2 |       ||     2
  Dodge: Dodged            |       |     3 ||     3

Table legend: (Time is in decaauts)
 A = Elapsed time spent in this place.
 B = Non-inter-level travel time spent in this place.
 C = Inter-level travel time spent in this place.
 D = Time resting spent in this place.
 E = Time spent auto-exploring this place.
 F = Levels seen in this place.
 G = Mean time per level.
                   A        B        C        D        E       F      G
               +--------+--------+--------+--------+--------+-----+--------+
         Total |     28 |     28 |      0 |      0 |      0 |   1 |   28.0 |
       Dungeon |     28 |     28 |      0 |      0 |      0 |   1 |   28.0 |
               +--------+--------+--------+--------+--------+-----+--------+

Top non-repeatable levels by time:
       D: 28 daAuts
